 Dungeon Sprint DCSS version 0.23.2-33-g5129a83184 (webtiles) character file.

Game seed: 16612740257898335170

55593 Atelerd the Hoplite (level 14, -11/151 HPs)
             Began as a Minotaur Fighter on July 22, 2019.
             Was the Champion of Makhleb.
             Mangled by a greater mummy
             ... wielding the +12 glaive of Prune {chop}
              (19 damage)
             ... in the Dungeon (Sprint V: "Ziggurat Sprint").
             The game lasted 00:13:31 (1201 turns).

Atelerd the Hoplite (Minotaur Fighter)              Turns: 1201, Time: 00:13:31

Health: -11/151    AC: 39    Str: 40    XL:     14   Next: 38%
Magic:  23/23      EV:  8    Int:  9    God:    Makhleb [******]
Gold:   0          SH: 36    Dex: 13    Spells: 13/13 levels left

rFire    . . .     SeeInvis +   G - +14 obsidian axe {chop, +Fly SInv *Curse}
rCold    + . .     Gourm    .   I - +18 shield of the Gong {rElec rN+ MR+ EV-5}
rNeg     + . .     Faith    .   H - +15 Maxwell's patent armour {-Cast -Tele rElec MR+ rCorr}
rPois    .         Spirit   .   (helmet restricted)
rElec    +         Reflect  .   j - +1 cloak of Starlight {rElec rC+ EV+4 Stlth--}
rCorr    +         Harm     .   (no gloves)
MR       +++..     NoTele   +   Y - +0 pair of boots "Zuloet" {Int+2 Dex+2} Stlth ..........NoCast +
                                Z - amulet of regeneration
HPRegen  0.75/turn              B - +6 ring of strength
MPRegen  0.18/turn              A - +6 ring of strength

@: mighty, lethally poisoned (-11 -> -19), mesmerised, hasted and slowed,
studying Polearms
A: retaliatory headbutt, horns 2
a: Minor Destruction, Lesser Servant of Makhleb, Major Destruction, Greater
Servant of Makhleb, Renounce Religion, Evoke Flight


You were in the Dungeon.
You worshipped Makhleb.
Makhleb was exalted by your worship.
You were very full.

You visited 1 branch

Inventory:

Hand Weapons
 a - a +0 war axe
 o - a +5 quick blade
 G - the +14 obsidian axe (weapon) {chop, +Fly SInv *Curse}
   (You found it in the Dungeon)

   It inflicts extra damage upon your enemies.
   It lets you see invisible.
   It lets you fly.
   It curses itself when equipped.
Armour
 b - the +5 large shield of Minor Irritation {rF+}
   (You acquired it in the Dungeon)

   It protects you from fire.
 j - the +1 cloak of Starlight (worn) {rElec rC+ EV+4 Stlth--}
   (You found it in the Dungeon)

   It affects your evasion (+4).
   It protects you from cold.
   It insulates you from electricity.
   It makes you much less stealthy.
 H - the +15 Maxwell's patent armour (worn) {-Cast -Tele rElec MR+ rCorr}
   (You found it in the Dungeon)

   It insulates you from electricity.
   It affects your resistance to hostile enchantments.
   It prevents spellcasting.
   It prevents most forms of teleportation.
   It provides partial protection from all sources of acid and corrosion.
 I - the +18 shield of the Gong (worn) {rElec rN+ MR+ EV-5}
   (You found it in the Dungeon)

   It affects your evasion (-5).
   It insulates you from electricity.
   It protects you from negative energy.
   It affects your resistance to hostile enchantments.
 Y - the +0 pair of boots "Zuloet" (worn) {Int+2 Dex+2}
   (You found it in the Dungeon)

   It affects your intelligence (+2).
   It affects your dexterity (+2).
Jewellery
 w - a +6 ring of dexterity
 x - a +6 ring of dexterity
 y - a +6 ring of intelligence
 z - a +6 ring of intelligence
 A - a +6 ring of strength (right hand)
 B - a +6 ring of strength (left hand)
 J - an uncursed amulet of the gourmand
 K - the ring "Kal Esis" {*Corrode +Fly rPois SInv}
   (You found it in the Dungeon)

   [ring of see invisible]

   It protects you from poison.
   It lets you see invisible.
   It lets you fly.
   It may corrode you when you take damage.
 L - an uncursed ring of magical power
 M - an uncursed ring of wizardry
 N - an uncursed ring of magical power
 O - an uncursed ring of fire
 Q - an uncursed ring of positive energy
 R - the ring "Hoso" {rN+ MP+9}
   (You found it in the Dungeon)

   [ring of magical power]

   It protects you from negative energy.
   It affects your magic capacity (+9).
 T - an uncursed ring of positive energy
 V - a +2 ring of dexterity
 X - an uncursed ring of magical power
 Z - an amulet of regeneration (around neck)
Wands
 D - a wand of disintegration (7)
 E - a wand of iceblast (7)
 F - a wand of acid (7)
 P - a wand of polymorph (4)
Scrolls
 k - 4 scrolls of blinking
 q - 4 scrolls of amnesia
 r - 7 scrolls of fog
 s - a scroll of holy word
 t - 4 scrolls of identify
 u - 4 scrolls of remove curse
 v - 2 scrolls of fear
Potions
 d - 3 potions of might
 e - 5 potions of curing
 h - 4 potions of haste
 i - 8 potions of magic
 l - 2 potions of brilliance
 m - 2 potions of invisibility
 n - 4 potions of resistance
 p - 5 potions of agility
Books
 W - a manual of Polearms
Miscellaneous
 C - a lightning rod (4/4)
 S - 2 phantom mirrors
Comestibles
 f - 7 rations


   Skills:
 + Level 21.5 Fighting
 + Level 21.4 Axes
 + Level 21.5 Armour
 + Level 21.5 Shields
 + Level 14.1 Invocations


You had 13 spell levels left.
You didn't know any spells.
Your spell library contained the following spells:

 Spells                   Type           Power        Failure   Level  Hunger
 Infusion                 Chrm           #...         73%         1    ##.....
 Magic Dart               Conj           #...         73%         1    ##.....
 Sandblast                Erth           #.....       73%         1    ##.....
 Summon Butterflies       Summ           #.......     73%         1    ##.....
 Blink                    Tloc           N/A          86%         2    ###....
 Call Imp                 Summ           #.......     86%         2    ###....
 Passwall                 Tmut/Erth      #.......     86%         2    ###....
 Poisonous Vapours        Pois/Air       #.....       86%         2    ###....
 Shroud of Golubria       Chrm/Tloc      #.........   86%         2    ###....
 Slow                     Hex            #.......     86%         2    ###....
 Song of Slaying          Chrm           #.......     86%         2    ###....
 Swiftness                Chrm/Air       #.......     86%         2    ###....
 Call Canine Familiar     Summ           #.......     97%         3    ####...
 Conjure Flame            Conj/Fire      #.......     97%         3    ####...
 Gell's Gravitas          Tloc           #.........   97%         3    ####...
 Ignite Poison            Fire/Tmut/Pois #.......     97%         3    ####...
 Lesser Beckoning         Tloc           #.........   97%         3    ####...
 Mephitic Cloud           Conj/Pois/Air  #.......     97%         3    ####...
 Recall                   Summ/Tloc      N/A          97%         3    ####...
 Regeneration             Chrm/Necr      #.........   97%         3    ####...
 Spectral Weapon          Hex/Chrm       #.......     97%         3    ####...
 Stone Arrow              Conj/Erth      #.....       97%         3    ####...
 Teleport Other           Tloc           #.......     97%         3    ####...
 Fulminant Prism          Conj/Hex       #.........   100%        4    #####..
 Ice Form                 Ice/Tmut       #.......     100%        4    #####..
 Passage of Golubria      Tloc           N/A          100%        4    #####..
 Petrify                  Tmut/Erth      #.......     100%        4    #####..
 Summon Ice Beast         Ice/Summ       #.......     100%        4    #####..
 Alistair's Intoxication  Tmut/Pois      #.......     100%        5    ######.
 Aura of Abjuration       Summ           #.........   100%        5    ######.
 Fireball                 Conj/Fire      #.........   100%        5    ######.
 Lee's Rapid Deconstruct  Erth           #.........   100%        5    ######.
 Summon Demon             Summ           #.........   100%        5    ######.
 Summon Forest            Summ/Tloc      #.........   100%        5    ######.
 Summon Mana Viper        Hex/Summ       #.......     100%        5    ######.
 Bolt of Cold             Conj/Ice       #.........   100%        6    #######
 Bolt of Fire             Conj/Fire      #.........   100%        6    #######
 Hydra Form               Tmut           #.........   100%        6    #######
 Shadow Creatures         Summ           N/A          100%        6    #######
 Statue Form              Tmut/Erth      #........    100%        6    #######
 Ring of Flames           Chrm/Fire      #.........   100%        7    #######
 Summon Hydra             Summ           #.........   100%        7    #######
 Ignition                 Fire           #.........   100%        8    #######


Dungeon Overview and Level Annotations

Branches:
Dungeon (1/1)

Altars:
Ashenzari
Cheibriados
Dithmenos
Elyvilon
Fedhas
Gozag
Hepliaklqana
Kikubaaqudgha
Makhleb
Nemelex Xobeh
Okawaru
Qazlal
Ru
Sif Muna
Trog
Uskayaw
Vehumet
Wu Jian
Xom
Yredelemnul
Zin
The Shining One
Beogh
Jiyva
Lugonu


Innate Abilities, Weirdness & Mutations

You reflexively headbutt those who attack you in melee.
You have a pair of horns on your head.


Message History

The vile air hits the greater mummy.
The vile air hits you but does no damage.
The vile air hits the ice devil but does no damage.
Unknown command.
You feel better.
Visions of slaying the emperor scorpion flood into your mind.
You are engulfed in dark miasma.
You are poisoned.
* * * LOW HITPOINT WARNING * * *
x2 You feel sick.
The death scarab closely misses your neqoxec.
The death scarab bites your neqoxec!!
Your neqoxec dies!
You block the death scarab's attack.
SHROANNG!
The greater mummy casts a spell.
You block the ice devil's attack.
BONNNG!
The greater mummy hits you from afar with the +12 glaive of Prune {chop}!!
You die...

▓...)::):.
▓...:.):[|%)..▓.........
▓..::":?.):}..▓.........
▓.............▓.....))))
▓.............▓.....))).
▓.......4.....▓..▓...))▓
▓....sMss8M...▓.▓▓▓...▓▓
▓....MssMs....▓..▓.....▓
▓s.M@ss.▓ ▓.....©... ▓
▓▓.4s.s▓▓ ▓▓▓▓▓▓▓▓▓▓
▓..▓.°ss...▓..▓≈≈.≈8©8..
▓...°.........▓..}≈)))≈≈
▓......©......▓≈..≈:})≈.
▓▓▓▓▓▓▓▓▓▓▓▓▓▓▓.≈.≈...≈.
▓.≈).)≈... ▓...()).≈.
▓.≈.))†≈≈≈


You could see 3 greater mummies, 9 emperor scorpions, an ushabti, 2 ice devils,
4 death scarabs and 2 mummies.

Vanquished Creatures
  A lich (D)
  A thorn hunter (D)
  An orc warlord (D)
  A draconian scorcher (D)
  A draconian shifter (D)
  2 stone giants (D)
  An ironheart preserver (D)
  A reaper (D)
  An apis (D)
  A black draconian (D)
  2 green draconians (D)
  A white draconian (D)
  A yellow draconian (D)
  3 red draconians (D)
  A mummy priest (D)
  2 yaktaur captains (D)
  A great orb of eyes (D)
  A spriggan air mage (D)
  5 vault guards (D)
  A merfolk avatar (D)
  4 merfolk aquamancers (D)
  A vampire mage (D)
  3 dancing weapons (D)
  A satyr (D)
  Erica (D)
  An ogre mage (D)
  7 spriggan berserkers (D)
  An ironbrand convoker (D)
  A deep elf archer (D)
  2 necromancers (D)
  5 deep elf magi (D)
  A draconian (D)
  A wolf spider (D)
  A merfolk siren (D)
  A rust devil (D)
  A freezing wraith (D)
  2 yaktaurs (D)
  A dryad (D)
  A red devil (D)
  2 tormentors (D)
  2 guardian mummies (D)
  A troll (D)
  A merfolk (D)
  A slime creature (D)
  A snapping turtle (D)
  2 flying skulls (D)
  A vampire (D)
  A fire elemental (D)
  Edmund (D)
  A floating eye (D)
  Duvessa (D)
  An ogre (D)
  A necrophage (D)
  An eye of draining (D)
  3 centaurs (D)
  Blork the orc (D)
  2 scorpions (D)
  2 wights (D)
  A jelly (D)
  Crazy Yiuf (D)
  2 iron imps (D)
  Jessica (D)
  2 mummies (D)
  2 adder zombies (D)
  A bat simulacrum (D)
  A jackal zombie (D)
  A leopard gecko skeleton (D)
103 creatures vanquished.

Vanquished Creatures (collateral kills)
  A stone giant (D)
  A black draconian (D)
  A red draconian (D)
  A merfolk impaler (D)
  2 vault guards (D)
  A satyr (D)
  A dancing weapon (D)
  A death scarab (D)
  A spriggan berserker (D)
  A sea snake (D)
  A deep elf archer (D)
  A draconian (D)
  An eye of devastation (D)
  2 hellions (D)
  A yaktaur (D)
  A guardian mummy (D)
  2 merfolk (D)
  A jumping spider (D)
  A flying skull (D)
  Sigmund (D)
  2 water elementals (D)
  A golden eye (D)
  A fire elemental (D)
  2 ogres (D)
  An earth elemental (D)
  Dowan (D)
  An ooze (D)
  An adder skeleton (D)
  A quokka zombie (D)
34 creatures vanquished.

Vanquished Creatures (others)
  A red draconian (D)
  A wight (D)
  2 ball python zombies (D)
  A giant cockroach zombie (D)
5 creatures vanquished.

Grand Total: 142 creatures vanquished

Notes
Turn   | Place    | Note
-------+----------+-------------------------------------------
     0 | D        | Found the +6 Majin-Bo {vamp, Archmagi MP+6 Int+6}
     0 | D        | Found the +7 great mace "Firestarter" {inner flame, rF++}
     0 | D        | Atelerd the Minotaur Fighter began the quest for the Orb.
     0 | D        | Reached XP level 1. HP: 19/19 MP: 0/0
     0 | D        | Found a blossoming altar of Fedhas.
     1 | D        | Found a deep blue altar of Sif Muna.
     1 | D        | Found a sacrificial altar of Ru.
     1 | D        | Found a bloodstained altar of Trog.
     1 | D        | Found a stormy altar of Qazlal.
     1 | D        | Found an iron altar of Okawaru.
     1 | D        | Found a sparkling altar of Nemelex Xobeh.
     3 | D        | Found a transporter.
     3 | D        | Found an ancient bone altar of Kikubaaqudgha.
     3 | D        | Found a viscous altar of Jiyva.
     3 | D        | Found a corrupted altar of Lugonu.
     3 | D        | Found a hazy altar of Hepliaklqana.
     3 | D        | Found a burning altar of Makhleb.
     3 | D        | Found an opulent altar of Gozag.
    27 | D        | Found the +9 heavy crossbow "Sniper" {velocity, Acc+∞ SInv}
    27 | D        | Found the +10 dark maul {crush}
    27 | D        | Found the +15 Maxwell's patent armour {-Cast -Tele rElec
                  | MR+ rCorr}
    27 | D        | Found the +18 shield of the Gong {rElec rN+ MR+ EV-5}
    27 | D        | Found the cursed +14 obsidian axe {chop, +Fly SInv *Curse}
    50 | D        | Found the +6 shillelagh "Devastator" {shatter}
    50 | D        | Found the +11 plutonium sword {*Contam Stlth-}
    50 | D        | Found the +8 lance "Wyrmbane" {slay drac, rPois rF+ rC+
                  | AC+3}
    50 | D        | Found the +9 sword of Zonguldrok {reap}
    50 | D        | Found the cursed +13 scythe of Curses {drain, *Curse}
    50 | D        | Found the +0 sword of Power
    50 | D        | Found the +7 mace of Variability {chain chaos}
    50 | D        | Found the +7 Singing Sword {slice, sonic wave}
    50 | D        | Found the +7 longbow "Piercer" {penet, EV-2}
    54 | D        | Became a worshipper of Makhleb the Destroyer
    84 | D        | Reached skill level 5 in Fighting
    84 | D        | Reached skill level 5 in Axes
    84 | D        | Reached skill level 5 in Armour
    84 | D        | Reached skill level 5 in Shields
    84 | D        | Reached XP level 2. HP: 30/30 MP: 1/1
    85 | D        | Entered arena 2.
    85 | D        | Noticed a draconian
    85 | D        | Noticed a draconian
    85 | D        | Found a transporter.
    86 | D        | Identified the cursed +1 hand axe of Ulye {chop, rElec
                  | Int+4 Dex-5 Stlth+}
    86 | D        | Identified the +4 longbow "Onenoc" {velocity, rPois rF+
                  | Str+3 Dex+4}
    96 | D        | Killed a draconian
    96 | D        | Reached XP level 3. HP: 36/41 MP: 2/2
    96 | D        | Reached XP level 4. HP: 43/49 MP: 3/3
    96 | D        | Reached XP level 5. HP: 49/56 MP: 4/4
    96 | D        | Reached XP level 6. HP: 55/62 MP: 5/5
    97 | D        | Killed a draconian
    97 | D        | Reached skill level 10 in Fighting
    97 | D        | Reached skill level 10 in Axes
    97 | D        | Reached skill level 10 in Armour
    97 | D        | Reached skill level 10 in Shields
    97 | D        | Reached XP level 7. HP: 64/73 MP: 6/6
   137 | D        | Entered arena 3.
   137 | D        | Noticed a jumping spider
   137 | D        | Found a transporter.
   140 | D        | Reached * piety under Makhleb
   143 | D        | Killed a jumping spider
   158 | D        | Entered arena 4.
   158 | D        | Noticed a troll
   158 | D        | Found a transporter.
   161 | D        | Reached ** piety under Makhleb
   163 | D        | Reached XP level 8. HP: 82/82 MP: 7/7
   164 | D        | Killed a troll
   177 | D        | Entered arena 5.
   177 | D        | Noticed a +4 war axe of venom
   177 | D        | Noticed a +0 antimagic trident
   177 | D        | Found a transporter.
   183 | D        | Killed a +0 antimagic trident
   183 | D        | Reached *** piety under Makhleb
   183 | D        | Reached XP level 9. HP: 91/91 MP: 8/8
   186 | D        | Killed a +4 war axe of venom
   186 | D        | Reached **** piety under Makhleb
   188 | D        | Got the Papyrus of Enthralling Moulding
   191 | D        | Got the ring "Kal Esis" {*Corrode +Fly rPois SInv}
   196 | D        | Entered arena 6.
   196 | D        | Noticed a yaktaur
   196 | D        | Noticed a yaktaur
   196 | D        | Found a transporter.
   201 | D        | Killed a yaktaur
   203 | D        | Killed a yaktaur
   209 | D        | Got the Tome of Attacks
   225 | D        | Entered arena 7.
   225 | D        | Noticed a deep elf archer
   225 | D        | Noticed a +1 battleaxe of electrocution
   225 | D        | Noticed a deep elf mage
   225 | D        | Noticed a deep elf mage
   225 | D        | Noticed a +2 long sword of slicing
   226 | D        | Noticed a hellwing
   226 | D        | Found a transporter.
   227 | D        | Noticed an ice devil
   229 | D        | Killed a +2 long sword of slicing
   229 | D        | Reached ***** piety under Makhleb
   229 | D        | Reached XP level 10. HP: 95/103 MP: 9/9
   235 | D        | Killed a +1 battleaxe of electrocution
   237 | D        | Killed a deep elf mage
   238 | D        | Killed a deep elf mage
   255 | D        | Killed a deep elf archer
   363 | D        | Entered arena 8.
   363 | D        | Noticed a deep elf archer
   363 | D        | Noticed a deep elf mage
   363 | D        | Noticed a deep elf mage
   363 | D        | Noticed a deep elf mage
   364 | D        | Found a transporter.
   367 | D        | Killed a deep elf mage
   367 | D        | Reached skill level 15 in Fighting
   367 | D        | Reached skill level 15 in Armour
   367 | D        | Reached skill level 15 in Shields
   369 | D        | Reached skill level 15 in Axes
   370 | D        | Killed a deep elf mage
   370 | D        | Reached ****** piety under Makhleb
   371 | D        | Killed a deep elf archer
   376 | D        | Killed a deep elf mage
   443 | D        | Entered arena 9.
   443 | D        | Noticed an eye of devastation
   444 | D        | Found a transporter.
   444 | D        | Paralysed by a floating eye for 2 turns
   450 | D        | Reached XP level 11. HP: 114/114 MP: 7/10
   476 | D        | Entered arena 10.
   476 | D        | Noticed Sigmund
   476 | D        | Noticed Jessica
   476 | D        | Noticed Blork the orc
   476 | D        | Noticed Crazy Yiuf
   476 | D        | Noticed Dowan
   476 | D        | Noticed Duvessa
   476 | D        | Noticed Edmund
   476 | D        | Noticed Erica
   477 | D        | Found the +8 storm bow {elec}
   478 | D        | Found a transporter.
   479 | D        | Killed Dowan
   481 | D        | Killed Jessica
   482 | D        | Killed Crazy Yiuf
   482 | D        | Killed Sigmund
   484 | D        | Killed Erica
   486 | D        | Killed Duvessa
   487 | D        | Killed Edmund
   489 | D        | Killed Blork the orc
   527 | D        | Entered arena 11.
   527 | D        | Noticed a vault guard
   527 | D        | Noticed an ogre mage
   527 | D        | Noticed an ironbrand convoker
   527 | D        | Noticed an ironheart preserver
   527 | D        | Noticed a great orb of eyes
   527 | D        | Noticed a yaktaur captain
   527 | D        | Noticed a wolf spider
   528 | D        | Found a transporter.
   531 | D        | Killed a wolf spider
   531 | D        | Killed an ogre mage
   534 | D        | Killed a great orb of eyes
   534 | D        | Killed a vault guard
   537 | D        | Killed an ironheart preserver
   537 | D        | Reached skill level 5 in Invocations
   538 | D        | Noticed a vampire mage
   538 | D        | Noticed a vault guard
   538 | D        | Noticed an orc warlord
   538 | D        | Noticed a red draconian
   539 | D        | Noticed a spriggan berserker
   539 | D        | Killed an ironbrand convoker
   540 | D        | Killed a yaktaur captain
   543 | D        | Noticed a death yak
   543 | D        | Killed a vampire mage
   545 | D        | Killed a spriggan berserker
   545 | D        | Killed a vault guard
   545 | D        | Reached XP level 12. HP: 125/125 MP: 12/16
   546 | D        | Killed a red draconian
   549 | D        | Killed an orc warlord
   564 | D        | Got the ring "Hoso" {rN+ MP+9}
   581 | D        | Entered arena 12.
   581 | D        | Noticed a stone giant
   581 | D        | Noticed a vault guard
   581 | D        | Noticed a stone giant
   581 | D        | Noticed a vault guard
   581 | D        | Noticed a vault guard
   581 | D        | Noticed a vault guard
   581 | D        | Noticed a stone giant
   581 | D        | Noticed a vault guard
   582 | D        | Noticed a yaktaur captain
   583 | D        | Found a transporter.
   591 | D        | Killed a vault guard
   592 | D        | Killed a stone giant
   596 | D        | Killed a vault guard
   596 | D        | Killed a vault guard
   597 | D        | Killed a yaktaur captain
   598 | D        | Killed a vault guard
   601 | D        | Killed a stone giant
   602 | D        | Killed a vault guard
   604 | D        | Killed a stone giant
   670 | D        | Entered arena 13.
   671 | D        | Noticed a lich
   674 | D        | Found a transporter.
   680 | D        | Killed a lich
   680 | D        | Reached skill level 10 in Invocations
   680 | D        | Reached XP level 13. HP: 137/137 MP: 19/19
   700 | D        | Entered arena 14.
   701 | D        | Noticed a merfolk impaler
   702 | D        | Identified the cursed +2 great sword of Ipryn {chaos, rF+}
   708 | D        | Found a transporter.
   725 | D        | Killed a merfolk impaler
   747 | D        | Got the cursed +0 pair of boots "Zuloet" {Int+2 Dex+2}
   771 | D        | Entered arena 15.
   772 | D        | Noticed a red draconian
   772 | D        | Noticed a green draconian
   772 | D        | Noticed a yellow draconian shifter
   772 | D        | Noticed a red draconian
   772 | D        | Noticed a green draconian
   772 | D        | Noticed a black draconian
   772 | D        | Noticed a black draconian
   772 | D        | Noticed a yellow draconian
   772 | D        | Noticed a red draconian
   773 | D        | Noticed a red draconian scorcher
   773 | D        | Identified the +8 whip of Integrity {vamp, MR+ MP+9}
   773 | D        | Noticed a red draconian
   773 | D        | Noticed a white draconian
   774 | D        | Found a transporter.
   781 | D        | Killed a green draconian
   782 | D        | Killed a green draconian
   785 | D        | Killed a red draconian
   786 | D        | Killed a red draconian
   787 | D        | Killed a black draconian
   789 | D        | Killed a red draconian
   791 | D        | Killed a white draconian
   794 | D        | Killed a red draconian scorcher
   794 | D        | Killed a yellow draconian
   795 | D        | Killed a red draconian
   796 | D        | Killed a black draconian
   797 | D        | Killed a yellow draconian shifter
   814 | D        | Entered arena 16.
   815 | D        | Noticed an apis
   815 | D        | Noticed a thorn hunter
   816 | D        | Identified the +7 quarterstaff "Gefoz" {chaos, Str+4 Dex+2}
   819 | D        | Found a transporter.
   826 | D        | Killed a thorn hunter
   830 | D        | Reached XP level 14. HP: 120/149 MP: 19/22
   830 | D        | Killed an apis
   881 | D        | Got the Incunabulum of Flying Contamination
   883 | D        | Entered arena 17.
   887 | D        | Found the +1 cloak of Starlight {rElec rC+ EV+4 Stlth--}
   887 | D        | Noticed a reaper
   901 | D        | Killed a reaper
   905 | D        | Found a transporter.
   946 | D        | Got a scorched large shield
   947 | D        | Identified the +5 large shield of Minor Irritation {rF+}
                  | (You acquired it in the Dungeon)
  1175 | D        | Entered arena 18.
  1178 | D        | Noticed a greater mummy
  1179 | D        | Identified the +5 hand crossbow "Eluel" {speed, +Inv rC+
                  | Str+6 Dex-5}
  1181 | D        | Noticed a greater mummy
  1181 | D        | Noticed a greater mummy
  1186 | D        | Noticed an emperor scorpion
  1186 | D        | Noticed an emperor scorpion
  1186 | D        | Noticed an emperor scorpion
  1186 | D        | Noticed an emperor scorpion
  1193 | D        | Noticed an emperor scorpion
  1193 | D        | Noticed an emperor scorpion
  1193 | D        | Noticed an emperor scorpion
  1195 | D        | Noticed an emperor scorpion
  1195 | D        | Noticed an emperor scorpion
  1195 | D        | Noticed an emperor scorpion
  1196 | D        | HP: 7/150 [greater mummy/divine providence (11)]
  1199 | D        | HP: 2/151 [emperor scorpion[a greater mummy] (8)]
  1201 | D        | Mangled by a greater mummy

Skill      XL: |  1  2  3  4  5  6  7  8  9 10 11 12 13 14 |
---------------+-------------------------------------------+-----
Fighting       | 5 8 10 11 12 14 15 17 19 20 21 | 21.5
Axes           | 5 8 10 12 13 15 17 18 20 21 | 21.4
Armour         | 5 8 10 11 12 14 15 17 19 20 21 | 21.5
Shields        | 5 8 10 11 12 14 15 17 19 20 21 | 21.5
Invocations    | 6 10 13 14 | 14.1

Action                   |  1- 3 |  4- 6 |  7- 9 | 10-12 | 13-15 || total
-------------------------+-------+-------+-------+-------+-------++-------
Melee: Broad axe         |    10 |     1 |    19 |    79 |    92 ||   201
       Headbutt          |     1 |       |     3 |    28 |    27 ||    59
Invok: Lesser Servant of |       |       |       |     2 |     1 ||     3
       Greater Servant o |       |       |       |       |     2 ||     2
  Use: Potion            |     1 |       |       |     3 |    20 ||    24
       Scroll            |       |       |       |       |     3 ||     3
 Stab: Distracted        |       |       |     1 |     1 |       ||     2
  Eat: Chunk             |       |       |     6 |     7 |     1 ||    14
Armor: Plate armour      |     7 |       |     8 |    42 |    72 ||   129
Dodge: Dodged            |       |       |       |     2 |    14 ||    16
Block: Shield            |    14 |       |    35 |   121 |   213 ||   383
